 Dungeon Crawl Stone Soup version 0.29.1-12-g30fa7ad0bf (webtiles) character file.

Game seed: 6397320447979545666

350 112233 the Vexing (level 6, 0/35 HPs)
             Began as a Deep Elf Enchanter on Dec 25, 2022.
             Was an Initiate of Sif Muna.
             Killed from afar by a steam dragon (17 damage)
             ... with a ball of steam
             ... on level 5 of the Dungeon.
             The game lasted 00:07:18 (5061 turns).

112233 the Vexing (Deep Elf Enchanter)              Turns: 5061, Time: 00:07:19

Health: 0/35       AC:  5    Str:  3 (4)  XL:     6   Next: 33%
Magic:  13/15      EV: 13    Int: 20 (21) God:    Sif Muna [......]
Gold:   253        SH:  0    Dex: 16 (19) Spells: 7/15 levels left

rFire   . . .      SeeInvis .   x - +2 short sword (holy)
rCold   . . .      Faith    .   (no shield)
rNeg    . . .      Spirit   .   b - +0 robe
rPois   .          Reflect  .   (no helmet)
rElec   .          Harm     .   u - +0 cloak
rCorr   .          Rampage  .   (no gloves)
Will    .....                   o - +1 pair of boots
Stlth   +++.......              (no amulet)
HPRegen 0.11/turn               (no ring)
MPRegen 0.14/turn               (no ring)

@: no status effects
A: agile 1
a: Renounce Religion


You were on level 5 of the Dungeon.
You worshipped Sif Muna.
Sif Muna was noncommittal.
You visited 1 branch of the dungeon, and saw 5 of its levels.

You collected 253 gold pieces.

Inventory:

Hand Weapons
 a - a +1 dagger
 t - a +1 vampiric whip
 x - a +2 short sword of holy wrath (weapon)
Armour
 b - a +0 robe (worn)
 o - a +1 pair of boots (worn)
 u - a +0 cloak (worn)
Jewellery
 l - an amulet of guardian spirit
 v - a ring of protection from fire
Scrolls
 d - a scroll of vulnerability {unknown}
 e - 2 scrolls of poison {unknown}
 g - a scroll of teleportation {unknown}
 i - 2 scrolls of fog {unknown}
 m - 4 scrolls of identify {unknown}
 n - a scroll of silence {unknown}
 p - a scroll of enchant armour {unknown}
 q - a scroll of enchant weapon {unknown}
 w - a scroll of fear {unknown}
Potions
 s - 2 potions of brilliance


   Skills:
 + Level 2.3 Fighting
 - Level 1.0 Short Blades
 + Level 4.0 Dodging
 - Level 4.4 Stealth
 + Level 5.2 Spellcasting
 + Level 5.8 Hexes


You had 7 spell levels left.
You knew the following spells:

 Your Spells              Type           Power      Damage    Failure   Level
a - Ensorcelled Hibernat  Hex/Ice        32%        N/A       5%          2
b - Confusing Touch       Hex            28%        N/A       3%          3
c - Tukima's Dance        Hex            28%        N/A       3%          3

Your spell library contained the following spells:

 Spells                   Type           Power      Damage    Failure   Level
 Dazzling Flash           Conj/Hex       32%        N/A       11%         3
 Scorch                   Fire           10%        2d5       17%         2
 Silence                  Hex/Air        8%         N/A       67%         5
 Flame Wave               Conj/Fire      5%         2d5       75%         4
 Summon Lightning Spire   Summ/Air       5%         N/A       75%         4
 Agony                    Necr           5%         N/A       97%         5
 Summon Cactus Giant      Summ           2%         N/A       100%        6
 Storm Form               Tmut/Air       2%         N/A       100%        7
 Maxwell's Capacitive Co  Air            2%         ∞         100%        8


Dungeon Overview and Level Annotations

Branches:
Dungeon (5/15)             Temple (0/1) D:4

Altars:
Ashenzari
Elyvilon
Makhleb
Sif Muna
Xom

Annotations:
D:1 exclusion: downstairs


Innate Abilities, Weirdness & Mutations

You are agile. (Dex +4, Str/Int -1)


Message History

Where to? (Enter - D:4 @ (x,y), ? - help)
There is a stone staircase leading down here.
You climb downwards.
Found a scroll labelled JOAM RASUO.
There is a stone staircase leading up here.
Unknown command.
Found a broken altar of Ashenzari and a burning altar of Makhleb.
A dart slug comes into view.
Found an iron wand and a scroll labelled ZUN SUDAPLAUPNU.
You see here a scroll labelled JOAM RASUO.
Found a shiny helmet.
Found 3 stones.
An adder comes into view.
A dart slug and a steam dragon come into view.
The helpless dart slug fails to defend itself.
You puncture the dart slug!
You kill the dart slug!
Sif Muna accepts your kill.
The adder hisses angrily.
The adder barely misses you. The steam dragon breathes steam at you.
The ball of steam hits you!
You are engulfed in a cloud of scalding steam.
The adder barely misses you. The adder attacks as you move away!
The adder barely misses you.
Casting: Confusing Touch (dangerous; 3% risk of failure)
Confirm with . or Enter, or press ? or * to list all spells.
Aiming: Ensorcelled Hibernation (safe; 5% risk of failure)
Press: ? - help, Shift-Dir - straight line, f - adder
Aim: an adder (chance to affect: 58%)
The adder looks drowsy...
Unknown command.
The helpless adder fails to defend itself.
You puncture the adder!
You kill the adder!
Sif Muna accepts your kill.
Your Dodging skill increases to level 4!
The steam dragon breathes steam at you. The ball of steam hits you!
You die...

_8_ ########## ...
#........#...
#........#.# ~.
#........... ≈~.
#........## ≈≈~##
#........<#.# ≈≈≈≈~
+...?.§@....#
≈≈≈≈≈w#..§§§...####
≈≈≈≈≈≈#†D#####......
≈~~~≈≈~.## .....##
~.[.~#~.§# #######
...?~~/..#
~~.~≈~~..#
~~≈~≈≈≈.## ~#≈≈~≈#.#


There were no monsters in sight!

Vanquished Creatures
  Eustachio (D:3)
  An orc priest (D:4)
  Jessica (D:2)
  An orc wizard (D:3)
  6 adders
  A worm (D:2)
  A dart slug (D:5)
  3 orcs (D:3)
  5 bats
  10 endoplasms
  2 giant cockroaches
  8 goblins
  5 hobgoblins
  2 jackals (D:3)
  5 quokkas
  3 ball pythons
  A frilled lizard (D:1)
  8 kobolds
  5 rats
69 creatures vanquished.

Vanquished Creatures (others)
  An orc (D:3)
1 creature vanquished.

Grand Total: 70 creatures vanquished

Notes
Turn   | Place    | Note
-------+----------+-------------------------------------------
     0 | D:1      | 112233 the Deep Elf Enchanter began the quest for the Orb.
     0 | D:1      | Reached XP level 1. HP: 10/10 MP: 6/6
    76 | D:2      | Reached XP level 2. HP: 16/16 MP: 8/8
   212 | D:1      | Learned a level 2 spell: Ensorcelled Hibernation
   506 | D:1      | Reached skill level 1 in Fighting
   850 | D:1      | Reached XP level 3. HP: 20/20 MP: 5/10
  1353 | D:2      | Noticed Jessica
  1360 | D:2      | Killed Jessica
  1437 | D:2      | Reached XP level 4. HP: 22/25 MP: 9/12
  1714 | D:2      | Learned a level 3 spell: Confusing Touch
  1718 | D:2      | Learned a level 3 spell: Tukima's Dance
  1879 | D:2      | Reached skill level 5 in Hexes
  2745 | D:3      | Reached XP level 5. HP: 24/29 MP: 8/13
  2812 | D:3      | Found a faded altar of an unknown god.
  2987 | D:3      | Found a white marble altar of Elyvilon.
  3493 | D:4      | Found a shimmering blue altar of Sif Muna.
  3506 | D:4      | Became a worshipper of Sif Muna the Loreminder
  3624 | D:4      | Found a staircase to the Ecumenical Temple.
  4130 | D:4      | Found a shimmering altar of Xom.
  4164 | D:4      | Noticed Eustachio
  4712 | D:3      | Gained mutation: You are agile. (Dex +4, Str/Int -1)
                  | [potion of mutation]
  4731 | D:3      | Killed Eustachio
  4732 | D:3      | Reached skill level 5 in Spellcasting
  4732 | D:3      | Reached XP level 6. HP: 13/35 MP: 12/15
  5042 | D:5      | Entered Level 5 of the Dungeon
  5044 | D:5      | Found a broken altar of Ashenzari.
  5044 | D:5      | Found a burning altar of Makhleb.
  5051 | D:5      | Noticed a steam dragon
  5061 | D:5      | Killed from afar by a steam dragon

Illustrated notes

Levels and vault maps discovered:
D:1:      dpeg_arrival_brainrot, layout_basic, st_stairs_4
D:2:      layout_rooms, kennysheep_generic_room_14, uniq_jessica
D:3:      layout_basic, mainiacjoe_overflow_boulevard,
          shapermc_ecumenical_altar_pompeii, minmay_tree_intersection
D:4:      layout_rooms, mainiacjoe_overflow_alcove_2,
          mainiacjoe_overflow_six_doors_small, minmay_temple_entry_proselytizer,
          uniq_eustachio
D:5:      kennysheep_slugbush, layout_basic, worldfamousw_hep_ancestral_shrine,
          chequers_temple_overflow_statue_of_worship,
          mainiacjoe_overflow_24_doors

Skill      XL: |  1  2  3  4  5  6 |
---------------+-------------------+-----
Fighting       | 1 2 |  2.3
Spellcasting   | 4 5 |  5.2
Stealth        | 4 |  4.4
Hexes          | 5 |  5.8
Dodging        | 3 4 |  4.0
Short Blades   | |  1.0

Action                   |  1- 3 |  4- 6 || total
-------------------------+-------+-------++-------
Melee: Dagger            |    36 |    81 ||   117
       Punch             |       |     1 ||     1
       Short sword       |       |    32 ||    32
 Cast: Ensorcelled Hiber |    23 |    56 ||    79
       Confusing Touch   |       |     6 ||     6
  Use: Potion            |       |    11 ||    11
 Stab: Sleeping          |    23 |    37 ||    60
       Confused          |       |     6 ||     6
Armor: Robe              |     5 |    35 ||    40
       Skin              |       |    85 ||    85
Dodge: Dodged            |    16 |   112 ||   128
